BSA
JERSEY SHORE D-BAGS @ ST. LOUIS BROWNS
10/02/2026
 
TOP OF THE 1ST
Jersey Shore D-Bags batting - Pitching for St. Louis Browns : LHP Bernardo Miranda
Pitching: LHP Bernardo Miranda
Batting: RHB Ricardo González 0-0: Called Strike
0-1: Ball
1-1: Ball
2-1: Ball
3-1: Ground out 4-3 (Groundball, 4M)
Batting: RHB Millard Boyd 0-0: Ball
1-0: Called Strike
1-1: Ball
2-1: Foul Ball, location: 2F
2-2: Foul Ball, location: 2F
2-2: Ball
3-2: Foul Ball, location: 2F
3-2: Ground out 6-3 (Groundball, 6M)
Batting: LHB Dave Dodd 0-0: Fly out, F7 (Flyball, 7LMF)
Top of the 1st over - 0 run(s), 0 hit(s), 0 error(s), 0 left on base; Jersey Shore 0 - St. Louis 0
BOTTOM OF THE 1ST
St. Louis Browns batting - Pitching for Jersey Shore D-Bags : RHP Jesse Green
Pitching: RHP Jesse Green
Batting: SHB Ryobe Yamamoto 0-0: Ball
1-0: Ground out 1-3 (Groundball, 13)
Batting: LHB Stan Hickman 0-0: Ball
1-0: Ball
2-0: Fly out, F7 (Flyball, 7S)
Batting: LHB Clinton Clark 0-0: Called Strike
0-1: Swinging Strike
0-2: Ball
1-2: Strikes out looking
Bottom of the 1st over - 0 run(s), 0 hit(s), 0 error(s), 0 left on base; Jersey Shore 0 - St. Louis 0
TOP OF THE 2ND
Jersey Shore D-Bags batting - Pitching for St. Louis Browns : LHP Bernardo Miranda
Now in LF: Mike Hill
Batting: RHB Matt Doyle 0-0: Called Strike
0-1: Called Strike
0-2: Ground out 1-3 (Groundball, 15)
Batting: RHB Miguel Serna 0-0: Ball
1-0: Swinging Strike
1-1: Ball
2-1: Ground out 3-1 (Groundball, 34)
Batting: LHB Robert Phillips 0-0: Ball
1-0: Called Strike
1-1: Foul Ball, location: 2F
1-2: SINGLE (Flyball, 8RS)
Batting: LHB Pat Zimmerman 0-0: Called Strike
0-1: Ball
1-1: SINGLE (Groundball, 56D)
Robert Phillips to second
Batting: RHB Luis Ríos 0-0: Ground out 6-3 (Groundball, 56)
Top of the 2nd over - 0 run(s), 2 hit(s), 0 error(s), 2 left on base; Jersey Shore 0 - St. Louis 0
BOTTOM OF THE 2ND
St. Louis Browns batting - Pitching for Jersey Shore D-Bags : RHP Jesse Green
Batting: LHB Jorge Torres 0-0: Called Strike
0-1: Ball
1-1: Ball
2-1: Ball
3-1: Called Strike
3-2: Foul Ball, location: 2F
3-2: Ground out 4-3 (Groundball, 34)
Batting: RHB Yoshihide Takahashi 0-0: Called Strike
0-1: Foul Ball, location: 2F
0-2: Ball
1-2: Ball
2-2: Ball
3-2: Ground out 6-3 (Groundball, 6)
Batting: RHB Mario Rosales 0-0: Ground out U3 (Groundball, 3L)
Bottom of the 2nd over - 0 run(s), 0 hit(s), 0 error(s), 0 left on base; Jersey Shore 0 - St. Louis 0
TOP OF THE 3RD
Jersey Shore D-Bags batting - Pitching for St. Louis Browns : LHP Bernardo Miranda
Batting: RHB Cy Keynes 0-0: SINGLE (Groundball, 6MD)
Batting: RHB Ricardo González 0-0: Ball
1-0: Called Strike
1-1: Foul Ball, location: 2F
1-2: Ball
2-2: Foul Ball, location: 2F
2-2: Foul Ball, location: 2F
2-2: Grounds into double play, 4-6-3 (Groundball, 34)
Batting: RHB Millard Boyd 0-0: Ball
1-0: Ball
2-0: Called Strike
2-1: Ground out 6-3 (Groundball, 6M)
Top of the 3rd over - 0 run(s), 1 hit(s), 0 error(s), 0 left on base; Jersey Shore 0 - St. Louis 0
BOTTOM OF THE 3RD
St. Louis Browns batting - Pitching for Jersey Shore D-Bags : RHP Jesse Green
Batting: LHB Junior Coates 0-0: Ball
1-0: Ball
2-0: Ball
3-0: Called Strike
3-1: Foul Ball, location: 2F
3-2: Foul Ball, location: 2F
3-2: Ground out 6-3 (Groundball, 6)
Batting: RHB Will Brown 0-0: Called Strike
0-1: Foul Ball, location: 2F
0-2: Ball
1-2: Ball
2-2: Foul Ball, location: 2F
2-2: Ball
3-2: Ground out 5-3 (Groundball, 15S)
Batting: RHB Carlos Alfaro 0-0: Ball
1-0: Foul Ball, location: 2F
1-1: Ball
2-1: Ball
3-1: Base on Balls
Batting: SHB Ryobe Yamamoto 0-0: Ground out 4-3 (Groundball, 34)
Bottom of the 3rd over - 0 run(s), 0 hit(s), 0 error(s), 1 left on base; Jersey Shore 0 - St. Louis 0
TOP OF THE 4TH
Jersey Shore D-Bags batting - Pitching for St. Louis Browns : LHP Bernardo Miranda
Batting: LHB Dave Dodd 0-0: Foul Ball, location: 2F
0-1: Ball
1-1: Ball
2-1: Ball
3-1: Base on Balls
Batting: RHB Matt Doyle 0-0: Ball
1-0: Ball
2-0: Ball
3-0: Called Strike
3-1: Foul Ball, location: 2F
3-2: Ground out 6-3 (Groundball, 6M)
Dave Dodd to second
Batting: RHB Miguel Serna 0-0: Fly out, F3 (Popup, 3SF)
Batting: LHB Robert Phillips 0-0: Fly out, F6 (Popup, 8LS)
Top of the 4th over - 0 run(s), 0 hit(s), 0 error(s), 1 left on base; Jersey Shore 0 - St. Louis 0
BOTTOM OF THE 4TH
St. Louis Browns batting - Pitching for Jersey Shore D-Bags : RHP Jesse Green
Batting: LHB Stan Hickman 0-0: Foul Ball, location: 2F
0-1: Ball
1-1: Ball
2-1: Ball
3-1: Foul Ball, location: 2F
3-2: Foul Ball, location: 2F
3-2: Base on Balls
Batting: LHB Mike Hill 0-0: Called Strike
0-1: Ball
1-1: Ball
2-1: Ground out 3-1 (Groundball, 34S)
Stan Hickman to second
Batting: LHB Jorge Torres 0-0: Called Strike
0-1: Ball
1-1: Ball
2-1: DOUBLE (Line Drive, 9LS)
Stan Hickman scores
Batting: RHB Yoshihide Takahashi 0-0: Called Strike
0-1: Ball
1-1: Swinging Strike
1-2: Ball
2-2: Fly out, F7 (Popup, 7S)
Batting: RHB Mario Rosales 0-0: Swinging Strike
0-1: Ball
1-1: Fly out, F9 (Flyball, 9M)
Bottom of the 4th over - 1 run(s), 1 hit(s), 0 error(s), 1 left on base; Jersey Shore 0 - St. Louis 1
TOP OF THE 5TH
Jersey Shore D-Bags batting - Pitching for St. Louis Browns : LHP Bernardo Miranda
Batting: LHB Pat Zimmerman 0-0: Ground out 1-3 (Groundball, 13)
Batting: RHB Luis Ríos 0-0: Ball
1-0: SINGLE (Groundball, 56D)
Batting: RHB Cy Keynes 0-0: Ball
1-0: Ball
2-0: Foul Ball, location: 2F
2-1: Ball
3-1: Ground out 5-3 (Groundball, 15S)
Luis Ríos to second
Batting: RHB Ricardo González 0-0: Foul Ball, location: 2F
0-1: Ball
1-1: Ball
2-1: Foul Ball, location: 2F
2-2: Foul Ball, location: 2F
2-2: Foul Ball, location: 2F
2-2: Ground out 4-3 (Groundball, 4)
Top of the 5th over - 0 run(s), 1 hit(s), 0 error(s), 1 left on base; Jersey Shore 0 - St. Louis 1
BOTTOM OF THE 5TH
St. Louis Browns batting - Pitching for Jersey Shore D-Bags : RHP Jesse Green
Batting: LHB Junior Coates 0-0: Called Strike
0-1: Ball
1-1: SINGLE (Groundball, 6MD)
Batting: RHB Will Brown 0-0: Ball
1-0: Called Strike
1-1: Grounds into double play, 6-4-3 (Groundball, 6)
Batting: RHB Carlos Alfaro 0-0: Ball
1-0: Called Strike
1-1: Ball
2-1: Ground out 5-3 (Groundball, 5S)
Bottom of the 5th over - 0 run(s), 1 hit(s), 0 error(s), 0 left on base; Jersey Shore 0 - St. Louis 1
TOP OF THE 6TH
Jersey Shore D-Bags batting - Pitching for St. Louis Browns : LHP Bernardo Miranda
Batting: RHB Millard Boyd 0-0: Ball
1-0: Swinging Strike
1-1: Ball
2-1: Ball
3-1: Swinging Strike
3-2: Strikes out looking
Batting: LHB Dave Dodd 0-0: Ball
1-0: Foul Ball, location: 2F
1-1: Ball
2-1: SINGLE (Groundball, 34D)
Batting: RHB Matt Doyle 0-0: Called Strike
0-1: Foul Ball, location: 2F
0-2: Ball
1-2: Foul Ball, location: 2F
1-2: Ground out U3 (Groundball, 3S)
Dave Dodd to second
Batting: RHB Miguel Serna 0-0: Called Strike
0-1: Swinging Strike
0-2: Ball
1-2: Strikes out swinging
Top of the 6th over - 0 run(s), 1 hit(s), 0 error(s), 1 left on base; Jersey Shore 0 - St. Louis 1
BOTTOM OF THE 6TH
St. Louis Browns batting - Pitching for Jersey Shore D-Bags : RHP Jesse Green
Batting: SHB Ryobe Yamamoto 0-0: Ball
1-0: Ball
2-0: Foul Ball, location: 2F
2-1: Ground out 6-3 (Groundball, 6M)
Batting: LHB Stan Hickman 0-0: Called Strike
0-1: Ball
1-1: Ball
2-1: Fly out, F7 (Flyball, 7M)
Batting: LHB Mike Hill 0-0: Ball
1-0: Ball
2-0: Ball
3-0: Called Strike
3-1: Base on Balls
Batting: LHB Jorge Torres 0-0: Foul Ball, location: 2F
0-1: Called Strike
Mike Hill is caught stealing 2nd base
Bottom of the 6th over - 0 run(s), 0 hit(s), 0 error(s), 0 left on base; Jersey Shore 0 - St. Louis 1
TOP OF THE 7TH
Jersey Shore D-Bags batting - Pitching for St. Louis Browns : LHP Bernardo Miranda
Batting: LHB Robert Phillips 0-0: Ball
1-0: Called Strike
1-1: Ball
2-1: Swinging Strike
2-2: SINGLE (Groundball, 4M)
Pitching: RHP John Allan
Batting: LHB Pat Zimmerman 0-0: Called Strike
0-1: Foul Ball, location: 2F
0-2: Ball
1-2: SINGLE (Groundball, 25) (infield hit)
Robert Phillips to second
Batting: RHB Luis Ríos 0-0: Ball
1-0: Sac Bunt - play at first, batter OUT! 1-4
Robert Phillips to third
Pat Zimmerman to second
Pinch Hitting: LHB Dave Watt 0-0: Called Strike
0-1: Foul Ball, location: 2F
0-2: Ground out 1-3 (Groundball, 15S)
Batting: RHB Ricardo González 0-0: Foul Ball, location: 2F
0-1: Called Strike
0-2: Ball
1-2: Ball
2-2: Fly out, F8 (Flyball, 8LD)
Top of the 7th over - 0 run(s), 2 hit(s), 0 error(s), 2 left on base; Jersey Shore 0 - St. Louis 1
BOTTOM OF THE 7TH
St. Louis Browns batting - Pitching for Jersey Shore D-Bags : RHP Jesse Green
Now in LF: Dave Watt
Batting: LHB Jorge Torres 0-0: Ball
1-0: Ball
2-0: Foul Ball, location: 2F
2-1: Fly out, F9 (Flyball, 89D)
Batting: RHB Yoshihide Takahashi 0-0: Ball
1-0: Ball
2-0: DOUBLE (Line Drive, 78XD)
Batting: RHB Mario Rosales 0-0: Ground out 5-3 (Groundball, 15S)
Yoshihide Takahashi to third
Batting: LHB Junior Coates 0-0: Intentional Walk
Batting: RHB Will Brown 0-0: Ball
1-0: Called Strike
1-1: Foul Ball, location: 2F
1-2: Ball
2-2: Strikes out looking
Bottom of the 7th over - 0 run(s), 1 hit(s), 0 error(s), 2 left on base; Jersey Shore 0 - St. Louis 1
TOP OF THE 8TH
Jersey Shore D-Bags batting - Pitching for St. Louis Browns : RHP John Allan
Pitching: RHP Claudio Martínez
Batting: RHB Millard Boyd 0-0: Ball
1-0: Ball
2-0: Called Strike
2-1: Foul Ball, location: 2F
2-2: Strikes out looking
Pitching: LHP Miguel Martínez
Batting: LHB Dave Dodd 0-0: Swinging Strike
0-1: Swinging Strike
0-2: Strikes out swinging
Pitching: RHP Beau Brown
Batting: RHB Matt Doyle 0-0: Called Strike
0-1: Ground out U3 (Groundball, 3)
Top of the 8th over - 0 run(s), 0 hit(s), 0 error(s), 0 left on base; Jersey Shore 0 - St. Louis 1
BOTTOM OF THE 8TH
St. Louis Browns batting - Pitching for Jersey Shore D-Bags : RHP Jesse Green
Pitching: LHP Hyo-chin Kim
Batting: RHB Carlos Alfaro 0-0: Called Strike
0-1: Hit by Pitch
Batting: SHB Ryobe Yamamoto 0-0: Ball
1-0: Ball
2-0: Bunt - Flyout! F1
Batting: LHB Stan Hickman 0-0: Called Strike
0-1: Grounds into double play, 1-6-3 (Groundball, 15S)
Bottom of the 8th over - 0 run(s), 0 hit(s), 0 error(s), 0 left on base; Jersey Shore 0 - St. Louis 1
TOP OF THE 9TH
Jersey Shore D-Bags batting - Pitching for St. Louis Browns : RHP Beau Brown
Pitching: LHP Brent Miller
Now at SS: Tommy Evans
Batting: RHB Miguel Serna 0-0: Called Strike
0-1: SINGLE (Groundball, 56D)
Batting: LHB Robert Phillips 0-0: Bunted foul
0-1: Sac Bunt - play at first, batter OUT! 1-4
Miguel Serna to second
Pinch Hitting: RHB Pedro Rodríguez 0-0: Ball
1-0: Ball
2-0: Ball
3-0: Base on Balls
Batting: RHB Luis Ríos 0-0: Ball
1-0: Swinging Strike
1-1: Foul Ball, location: 2F
1-2: Foul Ball, location: 2F
1-2: Strikes out swinging
Pinch Hitting: RHB Wilson Martínez 0-0: Foul Ball, location: 2F
0-1: Ball
1-1: 3-RUN HOME RUN (Flyball, 78XD), Distance : 419 ft
Batting: RHB Ricardo González 0-0: Called Strike
0-1: Ground out 1-3 (Groundball, 15)
Top of the 9th over - 3 run(s), 2 hit(s), 0 error(s), 0 left on base; Jersey Shore 3 - St. Louis 1
BOTTOM OF THE 9TH
St. Louis Browns batting - Pitching for Jersey Shore D-Bags : LHP Hyo-chin Kim
Pitching: RHP Paco Gutiérrez
Now in LF: Wilson Martínez
Now in RF: Ricardo Berroa
Batting: LHB Mike Hill 0-0: Called Strike
0-1: Foul Ball, location: 2F
0-2: Foul Ball, location: 2F
0-2: Ground out 4-3 (Groundball, 4)
Batting: LHB Jorge Torres 0-0: Called Strike
0-1: Called Strike
0-2: Ball
1-2: Ground out 4-3 (Groundball, 4)
Batting: RHB Yoshihide Takahashi 0-0: Called Strike
0-1: Ball
1-1: Ball
2-1: Foul Ball, location: 2F
2-2: Ground out 6-3 (Groundball, 6)
Bottom of the 9th over - 0 run(s), 0 hit(s), 0 error(s), 0 left on base; Jersey Shore 3 - St. Louis 1
Monday, December 5th, 2016 - OOTP Baseball 17.12 Build 75